 Dungeon Crawl Stone Soup version 0.31-a0-844-gdc52ec4e09 (webtiles) character file.

Game seed: 10615512391861507939

19681 GigaChad the Cleaver (level 13, -1/103 HPs) *EXPLORE*
             Began as a Formicid Fighter on Sept 15, 2023.
             Was an Initiate of Gozag.
             Engulfed by a swamp dragon's poison gas (3 damage)
             ... on level 2 of the Lair of Beasts on Sept 29, 2023.
             The game lasted 00:14:57 (11547 turns).

GigaChad the Cleaver (Formicid Fighter)            Turns: 11547, Time: 00:14:58

Health: -1/103     AC: 16    Str: 27    XL:     13   Next: 6%
Magic:  13/13      EV: 13    Int: 10    God:    Gozag
Gold:   1781       SH: 13    Dex: 13    Spells: 12/12 levels left

rFire   . . .        v - +0 battleaxe
rCold   . . .        G - +2 kite shield
rNeg    . . .        A - +0 chain mail
rPois   .            (helmet unavailable)
rElec   .            C - +1 cloak
rCorr   .            (no gloves)
SInv    +            D - +1 pair of boots
Will    +++..        H - necklace of Bloodlust {Fury *Rage Will++ Int-3 Slay+6} Stlth
                     m - +6 ring of intelligence
HPRegen 0.37/turn    z - +5 ring of evasion
MPRegen 0.13/turn

%: no passive effects
@: lethally poisoned (-1 -> -36), gold aura
A: permanent stasis, dig shafts and tunnels, antennae 3, four strong arms
a: Dig, Shaft Self, Renounce Religion, Potion Petition, Call Merchant, Bribe
Branch


You were on level 2 of the Lair of Beasts.
You worshipped Gozag.
Gozag was most pleased with you.
You visited 3 branches of the dungeon, and saw 11 of its levels.

You collected 2340 gold pieces.
You spent 498 gold pieces at shops.
You paid 61 gold pieces to Gozag.

Inventory:

Hand Weapons
 a - a +0 war axe
 j - a +0 orcbow
 v - a +0 battleaxe (weapon)
 x - a +2 trident of draining
 B - a +3 quarterstaff of chaos
Missiles
 n - 3 throwing nets
Armour
 b - a +0 scale mail
 c - a +2 buckler
 A - a +0 chain mail (worn)
 C - a +1 cloak (worn)
 D - a +1 pair of boots (worn)
 G - a +2 kite shield (worn)
Jewellery
 m - a +6 ring of intelligence (left hand)
 q - an amulet of guardian spirit
 t - a ring of flight
 z - a +5 ring of evasion (right hand)
 E - a ring of poison resistance
 H - the necklace of Bloodlust (around neck) {Fury *Rage Will++ Int-3 Slay+6}
   (You bought it in a shop on level 8 of the Dungeon)

   [amulet of nothing]

   Fury:      It extends the wearer's berserk rage when killing foes.
   Int-3:     It affects your intelligence (-3).
   Slay+6:    It affects your accuracy & damage with ranged weapons and melee
   (+6).
   Will++:    It greatly increases your willpower.
   *Rage:     It berserks you when you make melee attacks (+50% chance).
Wands
 p - a wand of charming (4)
 F - a wand of iceblast (11)
 I - a wand of acid (2)
Scrolls
 f - 4 scrolls of amnesia
 s - a scroll of torment
 u - 4 scrolls of noise
 y - 2 scrolls of identify
 J - a scroll of immolation
Potions
 d - a potion of might
 e - a potion of cancellation {unknown}
 g - 3 potions of brilliance
 h - a potion of magic {unknown}
 i - 2 potions of lignification {unknown}
 k - a potion of invisibility {unknown}
 l - 7 potions of curing {unknown}
 o - a potion of attraction {unknown}
 r - 2 potions of resistance {unknown}
 w - a potion of heal wounds {unknown}
 K - a potion of degeneration {unknown}


   Skills:
 * Level 10.2 Fighting
 * Level 14.8 Axes
 * Level 10.4 Armour
 * Level 10.6 Shields


You had 12 spell levels left.
You didn't know any spells.
Your spell library contained the following spells:

 Spells                   Type           Power      Damage    Failure   Level
 Sublimation of Blood     Necr           0%         N/A       98%         2
 Wereblood                Tmut           0%         N/A       98%         2
 Summon Hydra             Summ           0%         N/A       100%        7


Dungeon Overview and Level Annotations

Branches:
Dungeon (8/15)             Temple (1/1) D:5            Lair (2/5) D:8
  Swamp: Lair:2-3    Shoals: Lair:2-3     Snake: Lair:2-3    Spider: Lair:2-3

Altars:
Ashenzari
Cheibriados
Dithmenos
Elyvilon
Fedhas
Gozag
Hepliaklqana
Kikubaaqudgha
Makhleb
Nemelex Xobeh
Okawaru
Qazlal
Ru
Trog
Uskayaw
Vehumet
Wu Jian
Xom
Yredelemnul
Zin
The Shining One

Shops:
D:8 =

Annotations:
D:8 2 transporters, javelincjr's ghost, novice OpCj


Innate Abilities, Weirdness & Mutations

You cannot be hasted, slowed, berserked, paralysed or teleported.
You can dig through walls and to a lower floor.
You have a pair of large antennae on your head. (SInv)
Your four strong arms can wield two-handed weapons with a shield.


Message History

You slash the cane toad!
You feel very sick.
The cane toad is distracted by your dazzling golden aura.
The komodo dragon closely misses you.
The cane toad gives a loud, deep croak!
You slash the komodo dragon!
The komodo dragon is almost dead.
You closely miss the cane toad.
The cane toad is no longer distracted by gold.
You feel sick. The cane toad stings you!!
* * * LOW HITPOINT WARNING * * *
The komodo dragon closely misses you.
You slash the komodo dragon!
You kill the komodo dragon!
You slash the cane toad!
You kill the cane toad!
You hit the iguana.
You feel very sick.
The swamp dragon is no longer distracted by gold.
You block the iguana's attack.
You feel sick.
The swamp dragon breathes poison at you.
The blast of poison engulfs you but does no damage.
You are lethally poisoned!
The iguana is engulfed in poison gas.
The iguana is poisoned.
You block the iguana's attack.
You see here 18 gold pieces. 2 water moccasins come into view.
You are engulfed in poison gas.
You are more poisoned.
* * * LOW HITPOINT WARNING * * *
x2 You feel very sick.
The water moccasin hisses angrily. x2
The iguana is engulfed in poison gas.
The iguana looks even sicker.
The iguana dies!
The water moccasin is distracted by your dazzling golden aura.
You are engulfed in poison gas.
You are more poisoned.
You die...
Your body crumbles into a pile of gold.

.. .....##
.##.+#.S...
........S.###
............#
#..........#
#....D...#
#....○...# #
#.>..@...##
..##..°○○...#
......○☼○...# 8.
......○○○..#....
...........#8.>.
...........#....
............#.8.
.......#.....#..
#..
......##........
#..+##


You could see a swamp dragon and 2 water moccasins.

Vanquished Creatures
  A hydra (Lair:2)
  Pikel (D:4)
  5 elephants (Lair:1)
  A torpor snail (Lair:2)
  A black mamba (Lair:1)
  6 cane toads
  Jeremiah (D:6)
  7 komodo dragons
  A hornet (D:7)
  2 polar bears
  7 wyverns
  34 yaks
  2 basilisks (Lair:1)
  A steam dragon (D:8)
  8 water moccasins
  An acid dragon (D:7)
  Duvessa (D:6)
  A black bear (D:8)
  5 sky beasts
  3 orc warriors
  2 ice beasts
  An ogre (D:5)
  A centaur (D:4)
  3 wolves (Lair:1)
  4 lemures (D:4)
  2 phantoms
  Blork the orc (D:6)
  A kobold brigand (D:8)
  9 bullfrogs
  2 gnoll sergeants
  A scorpion (D:6)
  9 wights
  Dowan (D:6)
  A killer bee (D:8)
  4 howler monkeys
  A crimson imp (D:5)
  5 jellies
  2 orc priests
  A gnoll bouda (D:4)
  4 hounds
  Crazy Yiuf (D:6)
  3 sleepcaps
  Jessica (D:3)
  Natasha (thrice) (D:3)
  6 iguanas
  6 orc wizards
  Robin (D:3)
  21 gnolls
  4 river rats (D:6)
  6 adders
  2 white imps (D:6)
  2 ufetubi (D:4)
  2 worms (D:2)
  2 dart slugs (D:2)
  37 orcs
  7 bats
  6 endoplasms
  6 giant cockroaches
  11 goblins
  12 hobgoblins
  3 kobolds
  A quokka (D:2)
  9 ball pythons
  3 frilled lizards (D:1)
  5 rats
304 creatures vanquished.

Vanquished Creatures (others)
  An iguana (Lair:2)
1 creature vanquished.

Grand Total: 305 creatures vanquished

Notes
Turn   | Place    | Note
-------+----------+-------------------------------------------
     0 | D:1      | GigaChad the Formicid Fighter began the quest for the Orb.
     0 | D:1      | Reached XP level 1. HP: 18/18 MP: 1/1
     0 | D:1      | Entered explore mode.
    53 | D:1      | Reached XP level 2. HP: 11/24 MP: 2/2
   309 | D:1      | Reached XP level 3. HP: 28/29 MP: 3/3
   865 | D:2      | Reached skill level 3 in Axes
   865 | D:2      | Reached XP level 4. HP: 31/37 MP: 4/4
  1555 | D:3      | Noticed Natasha
  1567 | D:3      | Killed Natasha
  1568 | D:3      | Reached XP level 5. HP: 12/42 MP: 5/5
  1586 | D:3      | Noticed Natasha
  1595 | D:3      | HP: 2/42 [Natasha (4)]
  1597 | D:3      | Killed Natasha
  1621 | D:3      | Noticed Natasha
  1623 | D:3      | Killed Natasha
  1624 | D:3      | Reached skill level 4 in Axes
  1630 | D:3      | HP: 1/42 [gnoll/+0 whip (3)]
  1631 | D:3      | Slain by a gnoll
                  | ... wielding a +0 halberd
                  | (4 damage)
  1636 | D:3      | Slain by a gnoll
                  | ... wielding a +0 halberd
                  | (11 damage)
  1639 | D:3      | HP: 1/42 [gnoll/+0 spear (6)]
  1639 | D:3      | Mangled by a gnoll
                  | ... wielding a +0 halberd
                  | (14 damage)
  1644 | D:3      | Reached XP level 6. HP: 36/48 MP: 6/6
  1821 | D:3      | Noticed Jessica
  1825 | D:3      | Killed Jessica
  1826 | D:3      | Reached skill level 5 in Shields
  1947 | D:3      | HP: 1/48 [poisoned by a kobold]
  1948 | D:3      | Succumbed to a kobold's poison
  2136 | D:3      | Found a glowing golden altar of the Shining One.
  2289 | D:3      | Noticed Robin
  2295 | D:3      | Killed Robin
  2566 | D:4      | Reached XP level 7. HP: 54/55 MP: 7/7
  2581 | D:4      | Reached skill level 5 in Axes
  2840 | D:4      | Noticed Pikel
  2850 | D:4      | HP: 1/55 [lemure[Pikel] (3)]
  2850 | D:4      | Slain by a lemure (6 damage)
                  | ... led by Pikel
  2864 | D:4      | HP: 1/55 [lemure[Pikel] (2)]
  2865 | D:4      | Slain by Pikel
                  | ... wielding a +1 whip of freezing
                  | (5 damage)
  2876 | D:4      | Killed Pikel
  2877 | D:4      | Reached skill level 5 in Fighting
  2877 | D:4      | Reached skill level 6 in Axes
  2877 | D:4      | Reached XP level 8. HP: 4/62 MP: 8/8
  3803 | D:5      | Entered Level 5 of the Dungeon
  3854 | D:5      | HP: 2/62 [water moccasin (5)]
  3855 | D:5      | Succumbed to a water moccasin's poison
  3982 | D:5      | Found a shimmering altar of Xom.
  3983 | D:5      | Found a burning altar of Makhleb.
  4130 | D:5      | Reached skill level 7 in Axes
  4310 | D:5      | Reached XP level 9. HP: 68/68 MP: 9/9
  4363 | D:5      | Found a staircase to the Ecumenical Temple.
  4388 | Temple   | Entered the Ecumenical Temple
  4415 | Temple   | Became a worshipper of Gozag Ym Sagoz the Greedy
  5406 | D:6      | Noticed Blork the orc
  5414 | D:6      | Killed Blork the orc
  5415 | D:6      | Reached skill level 8 in Axes
  5520 | D:6      | Found a white marble altar of Elyvilon.
  5544 | D:6      | HP: 2/61 [wight/+1 flail of protection (5)]
  5548 | D:6      | Slain by a wight
                  | ... wielding a +1 flail of protection
                  | (6 damage)
  5837 | D:6      | Noticed Jeremiah
  5901 | D:6      | Killed by divine providence
                  | ... invoked by Jeremiah
                  | (8 damage)
  5956 | D:6      | HP: 1/40 [Jeremiah/divine providence (7)]
  5959 | D:6      | Killed by divine providence
                  | ... invoked by Jeremiah
                  | (11 damage)
  5969 | D:6      | Killed Jeremiah
  6159 | D:6      | Reached skill level 9 in Axes
  6289 | D:6      | Noticed Duvessa
  6289 | D:6      | Noticed Dowan
  6303 | D:6      | Killed Duvessa
  6304 | D:6      | Reached XP level 10. HP: 20/71 MP: 10/10
  6306 | D:6      | Killed Dowan
  6580 | D:6      | Found an iron altar of Okawaru.
  6853 | D:6      | Found a white marble altar of Elyvilon.
  7223 | D:6      | Found a runed translucent door.
  7224 | D:6      | Noticed Crazy Yiuf
  7234 | D:6      | Killed Crazy Yiuf
  7349 | D:6      | Found a shadowy altar of Dithmenos.
  7349 | D:6      | Found a sacrificial altar of Ru.
  7446 | D:7      | Reached skill level 10 in Axes
  8417 | D:8      | Found a transporter.
  8418 | D:8      | Found a bloodstained altar of Trog.
  8418 | D:8      | Noticed javelincjr's ghost (novice OpCj)
  8434 | D:8      | Found a transporter.
  8437 | D:8      | Noticed a two-headed ogre
  8442 | D:8      | Noticed a moth of wrath
  8458 | D:8      | Found Bogga's Jewellery Emporium.
  8484 | D:8      | Bought the necklace of Bloodlust {Fury *Rage Will++ Int-3
                  | Slay+6} for 498 gold pieces
  8484 | D:8      | Found the necklace of Bloodlust {Fury *Rage Will++ Int-3
                  | Slay+6}
  8684 | D:8      | Reached skill level 11 in Axes
  8857 | D:8      | Reached XP level 11. HP: 77/84 MP: 11/11
  8885 | D:8      | Found a staircase to the Lair.
  8906 | D:8      | Reached skill level 12 in Axes
  9419 | Lair:1   | Entered Level 1 of the Lair of Beasts
  9681 | Lair:1   | Succumbed to a black mamba's poison
  9949 | Lair:1   | Reached skill level 13 in Axes
 10075 | Lair:1   | Noticed an elephant
 10075 | Lair:1   | Noticed an elephant
 10076 | Lair:1   | Noticed an elephant
 10076 | Lair:1   | Noticed an elephant
 10077 | Lair:1   | Noticed an elephant
 10085 | Lair:1   | Killed an elephant
 10092 | Lair:1   | Killed an elephant
 10093 | Lair:1   | Reached XP level 12. HP: 23/95 MP: 12/12
 10101 | Lair:1   | Slain by an elephant (9 damage)
 10574 | Lair:1   | Reached skill level 14 in Axes
 10574 | Lair:1   | Slain by a komodo dragon (14 damage)
 11202 | Lair:2   | Reached skill level 10 in Shields
 11210 | Lair:2   | Reached skill level 10 in Armour
 11488 | Lair:2   | Noticed an eight-headed hydra
 11497 | Lair:2   | HP: 3/97 [cane toad (11)]
 11497 | Lair:2   | Mangled by a 13-headed hydra (10 damage)
 11499 | Lair:2   | Reached skill level 10 in Fighting
 11500 | Lair:2   | HP: 1/97 [15-headed hydra (6)]
 11500 | Lair:2   | Slain by a 15-headed hydra (3 damage)
 11501 | Lair:2   | Killed a 16-headed hydra
 11511 | Lair:2   | Upgraded the game from 0.31-a0-765-g67fe2935dc to
                  | 0.31-a0-844-gdc52ec4e09
 11539 | Lair:2   | Reached XP level 13. HP: 72/103 MP: 13/13
 11546 | Lair:2   | HP: 2/103 [poisoned by a swamp dragon (poison gas)]
 11547 | Lair:2   | Engulfed by a swamp dragon's poison gas

Illustrated notes

Levels and vault maps discovered:
D:1:      dpeg_arrival_more_subterranean_lakeside_camping, layout_loops_ring
D:2:      layout_basic, chequers_serial_rivers_room_b, grunt_ministairs_4
D:3:      layout_loops_ring, lemuel_doored_altar, kennysheep_generic_room_4,
          uniq_robin, uniq_jessica, uniq_natasha
D:4:      layout_gridville, uniq_pikel
D:5:      layout_loops_ring, grunt_temple_overflow_champion_of_chaos,
          minmay_temple_entry_nine_rooms
D:6:      wad_woods_stonehenge, layout_basic,
          mainiacjoe_overflow_small_starburst, gammafunk_temple_overflow_statue,
          mainiacjoe_overflow_brackets, uniq_crazy_yiuf_cottage,
          uniq_blork_the_orc, uniq_jeremiah, uniq_duvessa
D:7:      layout_gridville
D:8:      minmay_octagon_keep, layout_basic, tgw_sif, minmay_lair_entry_grove,
          gammafunk_ghost_wrathful_warriors, serial_shops, shop,
          dreamdust_princess_corridor
Temple:   eino_temple_water
Lair:1:   beast_lair_carwin_large_2, layout_layer_cave
Lair:2:   layout_hall_layers, minmay_swamp_entry_reptiles, portal_ice_cave_rime,
          minivault_25, st_stairs_10, grunt_megastairs_1

Skill      XL: |  1  2  3  4  5  6  7  8  9 10 11 12 |
---------------+-------------------------------------+-----
Axes           | 3 4 6 7 9 11 13 14 | 14.8
Armour         | 4 6 7 8 9 10 | 10.4
Fighting       | 4 5 6 7 9 10 | 10.2
Shields        | 5 6 7 8 9 10 | 10.6

Action                     |  1- 3 |  4- 6 |  7- 9 | 10-12 | 13-15 || total
---------------------------+-------+-------+-------+-------+-------++-------
  Melee: War axe           |    83 |   122 |   226 |       |       ||   431
         Battleaxe         |       |       |   125 |   410 |     6 ||   541
Ability: Dig               |     4 |     1 |     8 |     1 |       ||    14
    Use: Scroll            |       |     5 |     1 |     6 |       ||    12
   Stab: Distracted        |       |       |     2 |     2 |       ||     4
 Armour: Scale mail        |    56 |   123 |   263 |    12 |       ||   454
         Chain mail        |       |       |       |   311 |     6 ||   317
  Dodge: Dodged            |    32 |    67 |   148 |   233 |     3 ||   483
  Block: Buckler           |    28 |    34 |   107 |    26 |       ||   195
         Kite shield       |       |       |       |   261 |     3 ||   264

Table legend: (Time is in decaauts)
 A = Elapsed time spent in this place.
 B = Non-inter-level travel time spent in this place.
 C = Inter-level travel time spent in this place.
 D = Time resting spent in this place.
 E = Time spent auto-exploring this place.
 F = Levels seen in this place.
 G = Mean time per level.
                   A        B        C        D        E       F      G
               +--------+--------+--------+--------+--------+-----+--------+
         Total |  11769 |  11601 |    168 |    846 |   8265 |  11 | 1069.9 |
       Dungeon |   9572 |   9443 |    129 |    846 |   6555 |   8 | 1196.5 |
        Temple |     46 |     28 |     18 |      0 |      0 |   1 |   46.0 |
          Lair |   2150 |   2129 |     21 |      0 |   1710 |   2 | 1075.0 |
               +--------+--------+--------+--------+--------+-----+--------+

Top non-repeatable levels by time:
     D:6: 2069 daAuts
  Lair:1: 1798 daAuts
     D:5: 1555 daAuts
     D:4: 1332 daAuts
     D:8: 1028 daAuts
     D:7: 1017 daAuts
     D:3: 979 daAuts
     D:2: 863 daAuts
     D:1: 726 daAuts
  Lair:2: 351 daAuts
  Temple: 46 daAuts
